 Dungeon Crawl Stone Soup version 0.18.1-6-gd335043 (webtiles) character file.

398 inmateoo the Skirmisher (level 6, -10/56 HPs)
             Began as a Hill Orc Assassin on May 19, 2016.
             Was an Initiate of Okawaru.
             Mangled by Menkaure (19 damage)
             ... on level 4 of the Dungeon.
             The game lasted 00:05:29 (4316 turns).

inmateoo the Skirmisher (Hill Orc Assassin)         Turns: 4316, Time: 00:05:31

Health: -10/56     AC: 12    Str: 16    XL:     6   Next: 83%
Magic:  6/6        EV:  9    Int: 11    God:    Okawaru [......]
Gold:   224        SH:  0    Dex: 12    Spells: 0 memorised, 5 levels left

rFire  . . .     SeeInvis .     z - +2 hand axe (venom)
rCold  . . .     Gourm    .     v - +0 scale mail
rNeg   . . .     Faith    .     (no shield)
rPois  .         Spirit   .     (no helmet)
rElec  .         Dismiss  .     d - +0 cloak
rCorr  .         Reflect  .     (no gloves)
SustAt .         Harm     .     y - +0 pair of boots
MR     .....                    q - amulet of magic regeneration
Stlth  +.........               (no ring)
                                o - +3 ring of protection

@: not resistant to hostile enchantments, very unstealthy
A: no striking features
a: Renounce Religion


You were on level 4 of the Dungeon.
You worshipped Okawaru.
Okawaru was noncommittal.
You were very hungry.

You visited 1 branch of the dungeon, and saw 4 of its levels.

You collected 224 gold pieces.

Inventory:

Hand Weapons
 a - a +2 dagger
 b - a +0 blowgun
 u - a +1 short sword of protection
 z - a +2 hand axe of venom (weapon)
Missiles
 e - 13 poisoned needles
 f - 2 curare-tipped needles
Armour
 d - a +0 cloak (worn)
 v - a +0 scale mail (worn)
 w - a +0 shield
 y - a +0 pair of boots (worn)
Jewellery
 j - the cursed ring "Cuxod" {rElec rN+ Str-3, unknown}
   (You found it on level 4 of the Dungeon)

   [ring of strength]

   It affects your strength (-3).
   It insulates you from electricity.
   It protects you from negative energy.
   It has a curse placed upon it.
 o - a +3 ring of protection (left hand)
 q - an amulet of magic regeneration (around neck)
Wands
 n - a wand of iceblast (7/15)
Scrolls
 i - a scroll of recharging
 m - 3 scrolls of amnesia
 r - a scroll of teleportation
 s - a scroll of enchant weapon {unknown}
 x - a scroll of identify
Potions
 h - 3 potions of curing
 k - 2 potions of lignification
 l - 2 potions of degeneration {unknown}
 p - a potion of haste {unknown}
 t - a potion of heal wounds {unknown}
Comestibles
 g - 4 bread rations
 A - 3 meat rations


   Skills:
 - Level 5.0 Fighting
 - Level 2.0 Short Blades
 * Level 4.8 Axes
 - Level 1.7 Throwing
 + Level 4.2 Armour
 - Level 0.7 Dodging
 - Level 3.2 Stealth


You had 5 spell levels left.
You didn't know any spells.

Dungeon Overview and Level Annotations

Branches:
Dungeon (4/15)
 Temple: D:4-7

Altars:
Cheibriados
Gozag
Nemelex Xobeh
Okawaru

Annotations:
D:4 Menkaure


Message History

Menkaure is heavily damaged.
Menkaure hits you!
You hit Menkaure but do no damage.
Menkaure is heavily damaged.
Menkaure mumbles some strange words.
Menkaure seems to speed up.
You hit Menkaure.
Menkaure is severely damaged.
Menkaure calls on the powers of darkness!
Your body is wracked with pain!
You slash Menkaure!
Menkaure is almost destroyed.
Menkaure barely misses you.
You hit Menkaure but do no damage.
Menkaure is almost destroyed.
Menkaure hits you!
* * * LOW HITPOINT WARNING * * *
Menkaure giggles, "These cerements are ticklish..."
Menkaure hits you!!
You die...

#############.# #.............##
#.####.........# #.#
#.######..#..########
#.####.######..#..#......#
#.##..).....#..#..#.####.#
#.##........#.(#..#.#....#
#.##...........#..#.#.#####
#.##..........@#..#.#.# ...
###.##..........M#..#.#.# #.#
.................>..#.#.###[#
###.####.##.........#.#...#.#####
###.#....##...#.....#.###.#......
..............#.....#........###.
###.#...###...#.....#.....##.# #.
#.#.........#..............# #.
#.#.#.###...#.....#.######## #.


You could see Menkaure.

Vanquished Creatures
  A phantom (D:4)
  3 orc priests (D:4)
  An iguana (D:4)
  6 adders
  8 worms
  2 dart slugs (D:1)
  2 giant geckos
  9 orcs
  4 giant cockroaches
  4 hobgoblins
  21 jackals
  9 kobolds
  2 quokkas (D:3)
  3 ball pythons
  5 bats
  6 giant newts
  12 goblins
  5 rats
103 creatures vanquished.

Notes
Turn   | Place    | Note
--------------------------------------------------------------
     0 | D:1      | inmateoo the Hill Orc Assassin began the quest for the Orb.
     0 | D:1      | Reached XP level 1. HP: 18/18 MP: 1/1
    95 | D:1      | Reached skill level 1 in Armour
    95 | D:1      | Reached XP level 2. HP: 21/25 MP: 2/2
   171 | D:1      | Reached skill level 3 in Fighting
   551 | D:1      | Reached XP level 3. HP: 25/31 MP: 3/3
  1524 | D:2      | Reached skill level 4 in Fighting
  1524 | D:2      | Reached XP level 4. HP: 26/40 MP: 4/4
  2399 | D:3      | Found an iron altar of Okawaru.
  2409 | D:3      | Became a worshipper of Warmaster Okawaru
  2535 | D:3      | Found an opulent altar of Gozag.
  2578 | D:3      | Reached XP level 5. HP: 45/47 MP: 5/5
  2721 | D:3      | Reached skill level 5 in Fighting
  3087 | D:4      | Got a glittering lapis lazuli ring
  3094 | D:4      | Reached skill level 1 in Axes
  3121 | D:4      | Found a snail-covered altar of Cheibriados.
  3190 | D:4      | Found a sparkling altar of Nemelex Xobeh.
  3421 | D:4      | Noticed Menkaure
  3479 | D:4      | Reached XP level 6. HP: 52/56 MP: 6/6
  4131 | D:4      | Noticed a phantom
  4199 | D:4      | Killed a phantom
  4316 | D:4      | Mangled by Menkaure

Skill      XL: |  1  2  3  4  5  6 |
---------------+-------------------+-----
Armour         | 1 2 3 4 |  4.2
Fighting       | 3 4 5 |  5.0
Axes           | 2 4 |  4.8
Short Blades   | |  2.0
Throwing       | |  1.7
Dodging        | |  0.7
Stealth        | |  3.2

Action                   |  1- 3 |  4- 6 || total
-------------------------+-------+-------++-------
Melee: Dagger            |   171 |    81 ||   252
       Short sword       |       |    64 ||    64
       Hand axe          |       |   119 ||   119
  Use: Scroll            |       |     9 ||     9
 Stab: Sleeping          |     5 |     3 ||     8
  Eat: Chunk             |     2 |     8 ||    10
Armor: Robe              |    16 |       ||    16
       Leather armour    |    15 |       ||    15
       Ring mail         |    12 |    55 ||    67
       Scale mail        |       |    64 ||    64
Dodge: Dodged            |    85 |   122 ||   207
